 Dungeon Crawl Stone Soup version 0.31-a0-876-gfe8ebadbca (webtiles) character file.

Game seed: 12024515335058483874

67 browni3141 the Covert (level 4, -3/41 HPs)
             Began as a Gnoll Delver on Oct 13, 2023.
             Slain by an iguana (11 damage)
             ... on level 5 of the Dungeon.
             The game lasted 00:04:46 (340 turns).

browni3141 the Covert (Gnoll Delver)                 Turns: 340, Time: 00:04:47

Health: -3/41      AC:  5    Str: 14    XL:     4   Next: 18%
Magic:  5/5        EV: 12    Int:  9    God:
Gold:   4          SH:  0    Dex: 13    Spells: 5/5 levels left

rFire   . . .        a - +0 spear
rCold   . . .        (no shield)
rNeg    . . .        h - +0 ring mail
rPois   .            (no helmet)
rElec   .            (no cloak)
rCorr   .            (no gloves)
SInv    .            (no boots)
Will    .....        (no amulet)
Stlth   ++++         (no ring)
HPRegen 0.26/turn    (no ring)
MPRegen 0.09/turn

%: no passive effects
@: no status effects
A: fangs 1, strong nose, distributed training
a: no special abilities


You were on level 5 of the Dungeon.
You visited 1 branch of the dungeon, and saw 3 of its levels.

You collected 4 gold pieces.

Inventory:

Hand Weapons
 a - a +0 spear (weapon)
 e - a +0 glaive
Missiles
 i - 7 boomerangs (quivered)
Armour
 b - a +0 leather armour
 h - a +0 ring mail (worn)
Wands
 g - a wand of digging (3)
Scrolls
 c - a scroll of fog
 d - a scroll of revelation
 j - a scroll of torment {unknown}
 l - a scroll of enchant armour {unknown}
Potions
 f - a potion of haste
 k - a potion of berserk rage {unknown}
 m - a potion of degeneration {unknown}
 n - a potion of resistance {unknown}


   Skills:
 + Level 6.6 Fighting
 + Level 1.1 Short Blades
 + Level 1.1 Long Blades
 + Level 1.1 Axes
 + Level 1.1 Maces & Flails
 + Level 4.6 Polearms
 + Level 1.1 Staves
 + Level 1.1 Ranged Weapons
 + Level 1.1 Throwing
 + Level 1.1 Armour
 + Level 4.6 Dodging
 + Level 9.6 Stealth
 + Level 1.1 Shields
 + Level 1.1 Unarmed Combat
 + Level 1.1 Spellcasting
 + Level 0.8 Conjurations
 + Level 0.8 Hexes
 + Level 0.8 Summonings
 + Level 0.8 Necromancy
 + Level 0.8 Translocations
 + Level 0.8 Transmutations
 + Level 0.8 Fire Magic
 + Level 0.8 Ice Magic
 + Level 0.8 Air Magic
 + Level 0.8 Earth Magic
 + Level 0.8 Poison Magic
 + Level 1.2 Invocations
 + Level 1.1 Evocations
 + Level 1.0 Shapeshifting


You had 5 spell levels left.
You didn't know any spells.
Your spell library contained the following spells:

 Spells                   Type           Power      Damage    Failure   Level
 Apportation              Tloc           4%         N/A       47%         1
 Jinxbite                 Hex            4%         N/A       63%         2
 Alistair's Intoxication  Tmut/Pois      1%         N/A       100%        5


Dungeon Overview and Level Annotations

Branches:
Dungeon (6/15)
 Temple: D:4-7

Altars:

Shops:
D:5 [

Annotations:
D:4 exclusion: downstairs, Dowan, Duvessa
D:5 exclusion: lemure


Innate Abilities, Weirdness & Mutations

You have very sharp teeth.
Your uncanny sense of smell can sniff out nearby items.
Your experience applies equally to all skills.


Message History

The iguana closely misses you.
You hit the iguana but do no damage.
The iguana is moderately wounded.
The iguana bites you.
You closely miss the iguana.
The iguana is moderately wounded.
You hit the iguana but do no damage. Your bite misses the iguana.
The iguana is moderately wounded.
The iguana bites you.
You hit the iguana but do no damage.
The iguana is moderately wounded.
The iguana barely misses you.
You barely miss the iguana. You bite the iguana, but do no damage.
The iguana is moderately wounded.
The iguana bites you.
You closely miss the iguana.
The iguana is moderately wounded.
The iguana bites you but does no damage.
You completely miss the iguana. Your bite misses the iguana.
The iguana is moderately wounded.
The iguana bites you!
You hit the iguana.
The iguana is severely wounded.
The iguana bites you.
You are too injured to fight recklessly!
You are too injured to fight recklessly!
You are too injured to fight recklessly!
You are too injured to fight recklessly!
You are too injured to fight recklessly!
You hit the iguana but do no damage.
The iguana is severely wounded.
You hit the iguana but do no damage.
The iguana is severely wounded.
The iguana bites you!
* * * LOW HITPOINT WARNING * * *
Unknown command.
You hit the iguana but do no damage.
The iguana is severely wounded.
The iguana bites you!
You die...

#..........###....# ####.#..#..
#..........#...##.# #...#.#..
#..............#..# #.....#..
#.................#####.....#..
########..#...............#....
#..<..........##........
###.............##.......#
#.............[.#.........
#....#...@l...............
#....#...........#........
#....#....................
####.#.####...<...........
#.......# ########........
#.......# #........ #.......#
##....... #.......# ##.....#
#.......# #######


You could see an iguana.

Vanquished Creatures
  2 hounds (D:5)
  An adder (D:5)
  A quokka (D:5)
4 creatures vanquished.

Notes
Turn   | Place    | Note
-------+----------+-------------------------------------------
     0 | D:5      | Reached skill level 9 in Stealth
     0 | D:5      | browni3141 the Gnoll Delver began the quest for the Orb.
     0 | D:5      | Reached XP level 1. HP: 23/23 MP: 1/1
    71 | D:5      | Noticed a hound
    95 | D:4      | Noticed Duvessa
    95 | D:4      | Noticed Dowan
   106 | D:5      | Noticed a hound
   106 | D:5      | Noticed an iguana
   133 | D:5      | Noticed a lemure
   154 | D:5      | Noticed a lemure
   171 | D:5      | Found Ummadiol's Armour Boutique.
   184 | D:5      | Killed a hound
   185 | D:5      | Reached XP level 2. HP: 20/29 MP: 1/3
   185 | D:5      | Reached XP level 3. HP: 25/35 MP: 1/4
   213 | D:5      | Reached skill level 1 in Short Blades
   213 | D:5      | Reached skill level 1 in Long Blades
   213 | D:5      | Reached skill level 1 in Axes
   213 | D:5      | Reached skill level 1 in Maces & Flails
   213 | D:5      | Reached skill level 1 in Staves
   213 | D:5      | Reached skill level 1 in Ranged Weapons
   213 | D:5      | Reached skill level 1 in Throwing
   213 | D:5      | Reached skill level 1 in Armour
   213 | D:5      | Reached skill level 1 in Shields
   213 | D:5      | Reached skill level 1 in Unarmed Combat
   213 | D:5      | Reached skill level 1 in Spellcasting
   213 | D:5      | Reached skill level 1 in Invocations
   213 | D:5      | Reached skill level 1 in Evocations
   213 | D:5      | Reached XP level 4. HP: 33/41 MP: 3/5
   276 | D:5      | Reached skill level 1 in Shapeshifting
   340 | D:5      | Slain by an iguana

Illustrated notes

Levels and vault maps discovered:
D:4:      layout_rooms, kennysheep_dice, uniq_duvessa
D:5:      layout_rooms, serial_shops, shop, minmay_statues_item,
          roderic_lattice_a, serial_bayou_pond_e, uniq_pikel
D:6:      layout_basic, gup_sewer_entry_glass, uniq_menkaure,
          uniq_prince_ribbit1

Skill      XL: |  1  2  3  4 |
---------------+-------------+-----
Stealth        | |  9.6
Short Blades   | 1 |  1.1
Long Blades    | 1 |  1.1
Axes           | 1 |  1.1
Maces & Flails | 1 |  1.1
Staves         | 1 |  1.1
Ranged Weapons | 1 |  1.1
Throwing       | 1 |  1.1
Armour         | 1 |  1.1
Shields        | 1 |  1.1
Unarmed Combat | 1 |  1.1
Spellcasting   | 1 |  1.1
Invocations    | 1 |  1.2
Evocations     | 1 |  1.1
Shapeshifting  | 1 |  1.0
Fighting       | |  6.6
Polearms       | |  4.6
Dodging        | |  4.6
Conjurations   | |  0.8
Hexes          | |  0.8
Summonings     | |  0.8
Necromancy     | |  0.8
Translocations | |  0.8
Transmutations | |  0.8
Fire Magic     | |  0.8
Ice Magic      | |  0.8
Air Magic      | |  0.8
Earth Magic    | |  0.8
Poison Magic   | |  0.8

Action                     |  1- 3 |  4- 6 || total
---------------------------+-------+-------++-------
  Melee: Spear             |    14 |    15 ||    29
         Bite              |       |     1 ||     1
  Throw: Boomerang         |     5 |     6 ||    11
    Use: Scroll            |     1 |       ||     1
 Armour: Ring mail         |    10 |     8 ||    18
  Dodge: Dodged            |     6 |     2 ||     8

Table legend: (Time is in decaauts)
 A = Elapsed time spent in this place.
 B = Non-inter-level travel time spent in this place.
 C = Inter-level travel time spent in this place.
 D = Time resting spent in this place.
 E = Time spent auto-exploring this place.
 F = Levels seen in this place.
 G = Mean time per level.
                   A        B        C        D        E       F      G
               +--------+--------+--------+--------+--------+-----+--------+
         Total |    339 |    339 |      0 |     37 |      0 |   3 |  113.0 |
       Dungeon |    339 |    339 |      0 |     37 |      0 |   3 |  113.0 |
               +--------+--------+--------+--------+--------+-----+--------+

Top non-repeatable levels by time:
     D:5: 318 daAuts
     D:6: 19 daAuts
     D:4: 1 daAuts
